 Dungeon Crawl Stone Soup version 0.32-a0-768-g0f6f1dd4b9 (webtiles) character file.

Game seed: 11957455527950294722

1864 cojito the Trooper (level 8, -4/109 HPs)
             Began as a Pale Draconian Shapeshifter on Mar 18, 2024.
             Slain by a two-headed ogre
             ... wielding a +0 giant spiked club
              (13 damage)
             ... on level 6 of the Dungeon.
             The game lasted 00:10:22 (6235 turns).

cojito the Trooper (Pale Draconian Shapeshifter)    Turns: 6235, Time: 00:10:23

Health: -4/109     AC: 24    Str: 17    XL:     8   Next: 90%
Magic:  8/8        EV:  2    Int: 10    God:
Gold:   344        SH:  0    Dex: 13    Spells: 7/7 levels left

rFire   . .          .
                       - Unarmed
rCold   . . .        (no shield)
rNeg    . . .        (body armour unavailable)
rPois   +            (helmet currently unavailable)
rElec   .            (cloak currently unavailable)
rCorr   .            (gloves currently unavailable)
SInv    .            (boots currently unavailable)
Will    .....        (no amulet)
Stlth   +            (no ring)
HPRegen 0.38/turn    (no ring)
MPRegen 0.11/turn

%: no passive effects
@: mighty, tree-form
A: stationary, stasis, torment immunity, boosted hp, (steam breath), AC +6,
unfitting armour, (cold-blooded), (steam resistance)
a: no special abilities


You were on level 6 of the Dungeon.
You were a tree.
You visited 2 branches of the dungeon, and saw 7 of its levels.

You collected 344 gold pieces.

Inventory:

Hand Weapons
 e - a +2 short sword of draining
 i - a +2 whip of electrocution
 s - a +2 spectral club
Missiles
 q - 11 poisoned darts (quivered)
Armour
 u - a +0 pair of boots
Jewellery
 n - a ring of magical power
Talismans
 b - a beast talisman (active)
 c - a flux talisman
Wands
 o - a wand of polymorph (7)
 r - a wand of flame (14)
 t - a wand of charming (16)
Scrolls
 d - 2 scrolls of revelation
 g - a scroll of fear
 h - a scroll of enchant weapon {unknown}
 j - a scroll of amnesia {unknown}
 l - 2 scrolls of immolation
 m - 2 scrolls of vulnerability
 p - 2 scrolls of teleportation
Potions
 f - a potion of curing
 k - 4 potions of mutation
 x - a potion of ambrosia {unknown}
 z - a potion of heal wounds {unknown}
Miscellaneous
 w - a phial of floods


   Skills:
 * Level 7.4 Fighting
 + Level 4.4 Dodging
 + Level 5.4 Unarmed Combat
 * Level 6.8 Shapeshifting


You had 7 spell levels left.
You didn't know any spells.
Your spell library contained the following spells:

 Spells                   Type           Power      Damage    Failure   Level
 Magic Dart               Conj           0%         1d3       36%         1
 Sandblast                Erth           0%         2d4       36%         1
 Slow                     Hex            0%         N/A       36%         1
 Blink                    Tloc           0%         N/A       50%         2
 Call Imp                 Summ           0%         N/A       50%         2
 Lesser Beckoning         Tloc           0%         N/A       50%         2
 Confusing Touch          Hex            0%         N/A       75%         3
 Inner Flame              Hex/Fire       0%         N/A       75%         3
 Passwall                 Erth           0%         N/A       75%         3
 Stone Arrow              Conj/Erth      0%         3d7       75%         3
 Vampiric Draining        Necr           0%         2d6       75%         3
 Volatile Blastmotes      Fire/Tloc      0%         2d10      75%         3
 Brom's Barrelling Bould  Conj/Erth      0%         2d3       98%         4
 Flame Wave               Conj/Fire      0%         2d4       98%         4
 Sticky Flame             Fire/Alch      0%         2d4       98%         4
 Summon Lightning Spire   Summ/Air       0%         N/A       98%         4
 Summon Forest            Summ/Tloc      0%         N/A       100%        5
 Bombard                  Conj/Erth      0%         9d1       100%        6
 Eringya's Noxious Bog    Alch           0%         4d6       100%        6
 Summon Hydra             Summ           0%         N/A       100%        7
 Summon Horrible Things   Summ           0%         N/A       100%        8


Dungeon Overview and Level Annotations

Branches:
Dungeon (6/15)             Temple (1/1) D:4

Altars:
Ashenzari
Elyvilon
Fedhas
Gozag
Hepliaklqana
Kikubaaqudgha
Makhleb
Nemelex Xobeh
Okawaru
Qazlal
Ru
Trog
Zin
The Shining One

Annotations:
D:4 1 runed translucent door, Crazy Yiuf
D:6 1 runed translucent door, MadMike78's ghost, novice GnFi


Innate Abilities, Weirdness & Mutations

You are a tree.
Your roots penetrate the ground, keeping you stationary.
You cannot be teleported.
You are immune to unholy pain and torment.
Your maximum health is greatly increased.
Your equipment is partially melded.
((You can breathe blasts of scalding, opaque steam.))
((Your pale cyan-grey scales are hard. (AC +6)))
You cannot fit into any form of body armour.
((You are cold-blooded and may be slowed by cold attacks.))
((You are immune to the effects of steam.))


Message History

Aim: a two-headed ogre, wielding two +0 giant spiked clubs (poisoned, 73% to hit)
You throw a poisoned dart.
The poisoned dart hits the two-headed ogre.
The two-headed ogre looks even sicker.
The two-headed ogre hits you but does no damage.
The two-headed ogre completely misses you.
You barely miss the two-headed ogre.
The two-headed ogre is lightly wounded.
The two-headed ogre hits you with a +0 giant spiked club!
The two-headed ogre hits you with a +0 giant spiked club.
You hit the two-headed ogre but do no damage.
The two-headed ogre is lightly wounded.
You smack the two-headed ogre!
The two-headed ogre is moderately wounded.
The two-headed ogre hits you with a +0 giant spiked club! x2
You hit the two-headed ogre but do no damage.
The two-headed ogre is moderately wounded.
The two-headed ogre hits you with a +0 giant spiked club!!
* * * LOW HITPOINT WARNING * * *
The two-headed ogre hits you with a +0 giant spiked club.
* * * LOW HITPOINT WARNING * * *
You hit the two-headed ogre but do no damage.
The two-headed ogre is moderately wounded.
You feel very mighty all of a sudden.
The two-headed ogre completely misses you.
The two-headed ogre hits you with a +0 giant spiked club.
* * * LOW HITPOINT WARNING * * *
You hit the two-headed ogre.
The two-headed ogre is moderately wounded.
You smack the two-headed ogre!
The two-headed ogre is severely wounded.
The two-headed ogre hits you with a +0 giant spiked club.
* * * LOW HITPOINT WARNING * * *
The two-headed ogre hits you but does no damage.
You smack the two-headed ogre!
The two-headed ogre is almost dead.
The two-headed ogre hits you with a +0 giant spiked club!
* * * LOW HITPOINT WARNING * * *
The two-headed ogre hits you with a +0 giant spiked club!
You die...

#....# #..##...#.#.).##..##.
#....######...##.†#.#'.##...###
##.....#.......###..[###.......
##................ß........###
#.[...........###...###...#...
#............##.(#.#'.##......
#.##...........##.()#.#...##.....
#.###.......>..#.O.##.##...#..###
#.# ##.........#♣.##...##..#..# #
#.# ##.#.##...####.....####..###
#.#####.#.#....................##
.................................
#.#.............#..........###...
....###.#.......##.........##....
#.####..#.#...(............##....
#.# #.##.#......................
#<####....#.#..#.......#...##....


You could see a two-headed ogre (poisoned).

Vanquished Creatures
  Sigmund (D:4)
  Duvessa (D:4)
  A water moccasin (D:5)
  An ice beast (D:6)
  An orc warrior (D:6)
  2 ogres
  A centaur (D:6)
  3 bullfrogs (D:6)
  2 scorpions (D:6)
  A gnoll sergeant (D:6)
  Dowan (D:4)
  2 hounds (D:4)
  3 orc priests
  2 bombardier beetles
  Jessica (D:2)
  Ijyb (D:4)
  4 iguanas
  6 adders
  11 gnolls
  3 white imps
  An ufetubus (D:6)
  A dart slug (D:1)
  2 ribbon worms (D:3)
  14 orcs
  7 ball pythons
  2 bats (D:1)
  3 endoplasms
  3 giant cockroaches
  3 hobgoblins
  6 jackals
  A quokka (D:4)
  5 frilled lizards
  5 goblins
  10 kobolds
  5 rats
116 creatures vanquished.

Vanquished Creatures (others)
  A bullfrog (D:6)
1 creature vanquished.

Grand Total: 117 creatures vanquished

Notes
Turn   | Place    | Note
-------+----------+-------------------------------------------
     0 | D:1      | cojito the Draconian Shapeshifter began the quest for the
                  | Orb.
     0 | D:1      | Reached XP level 1. HP: 16/16 MP: 1/1
   189 | D:1      | Reached XP level 2. HP: 22/22 MP: 2/2
   410 | D:1      | Reached skill level 2 in Fighting
   881 | D:2      | Noticed Jessica
   892 | D:2      | Killed Jessica
   893 | D:2      | Reached XP level 3. HP: 22/30 MP: 3/3
   923 | D:2      | Found a faded altar of an unknown god.
  1122 | D:2      | Reached XP level 4. HP: 33/37 MP: 4/4
  1183 | D:2      | Reached skill level 3 in Fighting
  1231 | D:2      | Identified the +4 ring mail of the Locust {Will+ Regen+
                  | Int-2 Slay+3}
  1505 | D:2      | Reached XP level 5. HP: 18/45 MP: 5/5
  2115 | D:3      | Found a glowing golden altar of the Shining One.
  3045 | D:3      | Reached XP level 6. HP: 44/52 MP: 6/6
  3153 | D:4      | Found a staircase to the Ecumenical Temple.
  3164 | D:4      | Reached skill level 4 in Fighting
  3172 | Temple   | Entered the Ecumenical Temple
  3373 | D:4      | Noticed Ijyb
  3401 | D:4      | Killed Ijyb
  3798 | D:4      | Noticed Sigmund
  3808 | D:4      | Killed Sigmund
  3809 | D:4      | Reached skill level 5 in Fighting
  3809 | D:4      | Reached skill level 5 in Shapeshifting
  3809 | D:4      | Your scales start taking on a pale cyan-grey colour.
  3809 | D:4      | Reached XP level 7. HP: 44/61 MP: 7/7
  3809 | D:4      | Gained mutation: You are immune to the effects of steam.
                  | [Pale Draconian growth]
  4016 | D:4      | Found a glowing silver altar of Zin.
  4101 | D:4      | Noticed Duvessa
  4106 | D:4      | Noticed Dowan
  4119 | D:4      | Killed Duvessa
  4127 | D:4      | Killed Dowan
  4401 | D:4      | Found a runed translucent door.
  4402 | D:4      | Noticed Crazy Yiuf
  4521 | D:5      | Entered Level 5 of the Dungeon
  4825 | D:5      | Found an iron altar of Okawaru.
  4842 | D:5      | Reached XP level 8. HP: 70/70 MP: 8/8
  4852 | D:5      | Reached skill level 6 in Fighting
  5127 | D:5      | Found an opulent altar of Gozag.
  5398 | D:6      | Found a runed translucent door.
  5410 | D:6      | Noticed MadMike78's ghost (novice GnFi)
  5552 | D:6      | Found an ancient bone altar of Kikubaaqudgha.
  5615 | D:6      | Got the Elucidation of Coordinates and Bringing Forth
  5635 | D:6      | Reached skill level 5 in Unarmed Combat
  5814 | D:6      | Noticed a two-headed ogre
  6160 | D:6      | Reached skill level 7 in Fighting
  6235 | D:6      | Slain by a two-headed ogre

Illustrated notes

Levels and vault maps discovered:
D:1:      scummos_arrival_hexagon, layout_basic,
          amcnicky_mini_rare_corridor_liquid
D:2:      layout_loops_corners, shapermc_ecumenical_altar_starsandcircs,
          uniq_jessica
D:3:      layout_loops_corners, mainiacjoe_overflow_six_doors_small,
          ebering_dispersal_statue_hall
D:4:      layout_basic, zin_treasury, minmay_temple_entry_gardened_gates,
          kennysheep_generic_room_16, uniq_ijyb, uniq_crazy_yiuf_cottage,
          uniq_duvessa, uniq_sigmund
D:5:      layout_loops_ring, mainiacjoe_overflow_alcove_4, grunt_gozag_statues
D:6:      cheibrodos_barr_body, layout_rooms, mainiacjoe_overflow_tiny_flanked,
          ebering_ghost_sewer_d, minmay_holes
Temple:   compressed_dpeg_triangle_lava_temple

Skill      XL: |  1  2  3  4  5  6  7  8 |
---------------+-------------------------+-----
Fighting       | 2 3 5 7 |  7.4
Dodging        | 2 3 4 |  4.4
Shapeshifting  | 4 5 6 |  6.8
Unarmed Combat | 4 5 |  5.4

Action                     |  1- 3 |  4- 6 |  7- 9 || total
---------------------------+-------+-------+-------++-------
  Melee: Unarmed           |   111 |   155 |   147 ||   413
         Tailslap          |    10 |    20 |    21 ||    51
         Punch             |     2 |     2 |     8 ||    12
         Whip              |       |     5 |       ||     5
  Throw: Dart              |       |     3 |     8 ||    11
Ability: Steam Breath      |       |       |     4 ||     4
  Evoke: Wand              |       |       |     7 ||     7
    Use: Scroll            |       |     2 |     8 ||    10
         Potion            |       |     1 |     2 ||     3
   Stab: Sleeping          |     2 |       |       ||     2
 Armour: Skin              |    55 |    82 |    87 ||   224
  Dodge: Dodged            |    61 |    70 |    91 ||   222

Table legend: (Time is in decaauts)
 A = Elapsed time spent in this place.
 B = Non-inter-level travel time spent in this place.
 C = Inter-level travel time spent in this place.
 D = Time resting spent in this place.
 E = Time spent auto-exploring this place.
 F = Levels seen in this place.
 G = Mean time per level.
                   A        B        C        D        E       F      G
               +--------+--------+--------+--------+--------+-----+--------+
         Total |   6210 |   5973 |    237 |   1098 |   3572 |   7 |  887.1 |
       Dungeon |   6209 |   5972 |    237 |   1098 |   3572 |   6 | 1034.8 |
        Temple |      1 |      1 |      0 |      0 |      0 |   1 |    1.0 |
               +--------+--------+--------+--------+--------+-----+--------+

Top non-repeatable levels by time:
     D:4: 1546 daAuts
     D:2: 1157 daAuts
     D:3: 999 daAuts
     D:1: 938 daAuts
     D:6: 832 daAuts
     D:5: 734 daAuts
  Temple: 1 daAuts
